 Dungeon Crawl Stone Soup version 0.29-a0-338-g1ff7896281 (webtiles) character file.

Game seed: 2913053250123784521

31321 spaghetti the Covert (level 13, -5/116 HPs)
             Began as a Deep Dwarf Delver on Apr 18, 2022.
             Was an Initiate of Uskayaw.
             Slain by a cane toad (19 damage)
             ... on level 6 of the Lair of Beasts.
             The game lasted 00:47:22 (14008 turns).

spaghetti the Covert (Deep Dwarf Delver)           Turns: 14008, Time: 00:47:22

Health: -5/116     AC: 10    Str: 18    XL:     13   Next: 25%
Magic:  1/15       EV: 23    Int: 10    God:    Uskayaw [......]
Gold:   1209       SH:  4    Dex: 18    Spells: 12/12 levels left

rFire   . . .      SeeInvis .   a - +5 dagger (vamp) {short}
rCold   . . .      Faith    +   z - +0 buckler
rNeg    . . .      Spirit   .   G - +0 leather armour
rPois   .          Reflect  .   h - +2 hat
rElec   .          Harm     .   e - +0 cloak
rCorr   .          Rampage  .   (no gloves)
Will    +....                   (no boots)
Stlth   ++++++....              D - amulet of faith {!P}
HPRegen 0.00/turn               j - +4 ring of protection
MPRegen 0.14/turn               P - +4 ring of evasion

@: no status effects
A: damage resistance, heal wounds, sense surroundings 2, no regeneration, hooves
1, wild magic 1
a: Heal Wounds, Renounce Religion


You were on level 6 of the Lair of Beasts.
You worshipped Uskayaw.
Uskayaw was pleased with you.
You visited 4 branches of the dungeon, and saw 17 of its levels.

You collected 1649 gold pieces.
You spent 440 gold pieces at shops.


Innate Abilities, Weirdness & Mutations

You are resistant to damage.
You can heal yourself by infusing magical energy.
You passively map the area around you.
You do not regenerate.
You have large cloven feet.
Your spells are a little harder to cast, but a little more powerful.


   Skills:
 + Level 7.6 Fighting
 - Level 10.0 Short Blades
 * Level 12.3 Dodging
 + Level 14.7 Stealth
 * Level 14.5 Invocations


You had 12 spell levels left.
You didn't know any spells.
Your spell library contained the following spells:

 Spells                   Type           Power      Damage    Failure   Level
 Foxfire                  Conj/Fire      0%         2x1d4     63%         1
 Pain                     Necr           0%         1d4       63%         1
 Corpse Rot               Necr/Air       0%         N/A       75%         2
 Conjure Flame            Conj/Fire      0%         6-21      92%         3
 Inner Flame              Hex/Fire       0%         N/A       92%         3
 Dispel Undead            Necr           0%         3d6       100%        4
 Flame Wave               Conj/Fire      0%         2d4       100%        4
 Summon Ice Beast         Ice/Summ       0%         N/A       100%        4
 Agony                    Necr           0%         N/A       100%        5
 Excruciating Wounds      Necr           0%         N/A       100%        5
 Summon Forest            Summ/Tloc      0%         N/A       100%        5
 Summon Mana Viper        Hex/Summ       0%         N/A       100%        5
 Death Channel            Necr           0%         N/A       100%        6
 Eringya's Noxious Bog    Tmut/Pois      0%         N/A       100%        6
 Monstrous Menagerie      Summ           0%         N/A       100%        7
 Summon Hydra             Summ           0%         N/A       100%        7

Inventory:

Hand Weapons
 a - a +5 vampiric dagger (weapon) {short}
   (You took it off a kobold on level 4 of the Dungeon)
 b - a +0 hand crossbow {crossbow}
   (You took it off an orc on level 6 of the Dungeon)
 g - a +6 rapier {short}
   (You found it on level 5 of the Lair of Beasts)
 H - a +2 dagger of electrocution {short}
   (You took it off an orc wizard on level 6 of the Dungeon)
Missiles
 d - 324 stones (quivered) {throwing}
 s - 50 poisoned darts {throwing}
 x - 5 boomerangs {throwing}
 B - 3 curare-tipped darts {=fthrowing}
 E - 2 javelins {throwing}
Armour
 e - a +0 cloak (worn)
   (You found it on level 5 of the Dungeon)
 h - a +2 hat (worn)
   (You found it on level 5 of the Dungeon)
 z - a +0 buckler (worn)
   (You found it on level 3 of the Dungeon)
 G - a +0 leather armour (worn)
 M - an orb of mayhem
   (You found it on level 7 of the Dungeon)
Magical Staves
 p - a staff of air {!astaff}
   (You found it on level 1 of the Dungeon)
 W - a staff of air {!astaff}
   (You found it on level 4 of the Lair of Beasts)
Jewellery
 f - a +6 ring of dexterity
   (You found it on level 5 of the Dungeon)
 j - a +4 ring of protection (left hand)
   (You found it on level 6 of the Lair of Beasts)
 t - a ring of poison resistance
   (You found it on level 2 of the Dungeon)
 y - a ring of willpower
   (You found it on level 2 of the Lair of Beasts)
 D - an amulet of faith (around neck) {!P}
   (You bought it in a shop on level 5 of the Dungeon)
 F - a ring of flight
   (You took it off an orc wizard on level 6 of the Dungeon)
 P - a +4 ring of evasion (right hand)
   (You found it on level 8 of the Dungeon)
 S - an amulet of guardian spirit
   (You found it on level 1 of the Lair of Beasts)
 T - a ring of protection from fire
   (You found it on level 3 of the Lair of Beasts)
Wands
 i - a wand of charming (10)
   (You found it on level 5 of the Lair of Beasts)
Scrolls
 c - a scroll of fog
 k - a scroll of fear
 o - 2 scrolls of blinking {!r}
 q - 8 scrolls of magic mapping {!r}
 r - 6 scrolls of teleportation {@r4}
 J - a scroll of immolation {!r!r}
 L - 5 scrolls of identify {@r1}
 Q - a scroll of brand weapon
 Y - a scroll of enchant armour
 Z - a scroll of torment {!r}
Potions
 l - 3 potions of lignification {!q}
 u - a potion of cancellation
 v - 5 potions of flight
 w - 4 potions of degeneration {!q@e2}
 C - 4 potions of mutation {!q}
 K - a potion of haste {@q3}
 O - a potion of magic
 U - 2 potions of attraction {!q}
Miscellaneous
 V - a phantom mirror
   (You found it on level 3 of the Lair of Beasts)
 X - a piece from Xom's chessboard (15/15)
   (You found it on level 4 of the Lair of Beasts)

Dungeon Overview and Level Annotations

Branches:
Dungeon (9/15)             Temple (1/1) D:5            Lair (6/6) D:9
  Swamp (0/4) Lair:2       Spider (0/4) Lair:4        Slime (1/5) Lair:5
    Orc: D:9-12

Altars:
Ashenzari
Cheibriados
Dithmenos
Elyvilon
Gozag
Hepliaklqana
Makhleb
Nemelex Xobeh
Qazlal
Sif Muna
Trog
Uskayaw
Vehumet
Wu Jian
Yredelemnul
Zin

Shops:
D:5 !*

Portals:
Volcano: Lair:6

Annotations:
D:3 1 runed translucent door, Crazy Yiuf
D:4 exclusion: door
D:5 exclusion: door
D:9 2 transporters, sirJeffrey23's ghost, novice DsMo
Lair:2 exclusions: 4 electric eels and yak
Lair:3 2 transporters

≈ ≈≈≈≈≈≈≈≈≈≈≈#####.(.....#
≈ P≈≈≈≈≈≈≈≈≈.* ##(......##
≈≈≈≈≈≈≈≈≈.###*#.........##
≈P≈≈≈≈≈≈..#.##.##........#
≈≈≈≈≈≈≈≈..#.##.#......÷..##
*
.≈.≈≈.P......###...........
* *
P..≈≈P.(........†........†.
, ,
.....(....(.......†....(##P
,
..........@F..###.......###
,
,.....#......(.######(..##
# , , .#.##...(......#
...(.# ,,...
#.........######..P# ,
,,..#..##.(÷......# #..## ,
, ### ###......## #### * ,
* ##.##...# ,, ,, , *
###..### , , * , * #### *


You could see a cane toad.


Message History

You regained 5 hp, and now have 65/116 hp.
You hit the bullfrog. Your kick misses the bullfrog.
You block the bullfrog's attack. The tyrant leech completely misses you.
You can now pass through a line of other dancers.
Aiming: Line Pass
Press: ? - help, Dir - move target, p - tyrant leech The tyrant leech appears confused.
The vampire mosquito appears confused.
You can no longer pass through a line of other dancers.
The vampire mosquito bites you.
The vampire mosquito draws strength from your injuries!
You block the vampire mosquito's attack.
The vampire mosquito bites itself. 😮 HP[-1] MP[-4]
You take 1 damage, and now have 64/116 hp.
You lost 4 mp, and now have 11/15 mp.
Unknown command.
You catch the helpless vampire mosquito completely off-guard!
You skewer the vampire mosquito like a kebab!!!
You destroy the vampire mosquito!
The bullfrog barely misses you.
You strike the helpless tyrant leech from behind!
You stick the tyrant leech like a pincushion!!!
You kick the tyrant leech.
You can now pass through a line of other dancers.
You barely miss the tyrant leech. Your kick misses the tyrant leech.
The bullfrog completely misses you.
Unknown command.
Unknown command.
Unknown command.
You hit the tyrant leech.
You feel better.
You kick the tyrant leech.
The tyrant leech seems less confused.
The bullfrog completely misses you. The cane toad stings you!
* * * LOW HITPOINT WARNING * * *
😨 HP[-13]
You take 13 damage, and now have 51/116 hp.
Unknown command.
You puncture the tyrant leech!
You feel better.
Your kick misses the tyrant leech. The tyrant leech closely misses you.
The bullfrog closely misses you. 😨 HP[+6]
You regained 6 hp, and now have 57/116 hp.
Aiming: Line Pass
Press: ? - help, Dir - move target The tyrant leech appears confused.
You hear the brisk rumble of an avalanche of rocks nearby.
The tyrant leech bites you but does no damage. 😨 MP[-4]
You lost 4 mp, and now have 7/15 mp.
You catch the helpless tyrant leech completely off-guard!
You spit the tyrant leech like a pig!!!
You feel better.
You kill the tyrant leech! 😮 HP[+2] MP[+1]
You regained 2 hp, and now have 59/116 hp.
Aiming: Line Pass
Press: ? - help, Dir - move target The bullfrog appears confused.
You can no longer pass through a line of other dancers.
You block the cane toad's attack. 😮 MP[-4]
You lost 4 mp, and now have 4/15 mp.
Unknown command.
You hit the cane toad.
You feel better. 😮 HP[+1]
You hit the cane toad.
You kick the cane toad, but do no damage.
The cane toad stings you!!
* * * LOW HITPOINT WARNING * * *
You are poisoned.
The cane toad poisons you! 😨 HP[-18]
You take 18 damage, and now have 42/116 hp.
You completely miss the cane toad. Your kick misses the cane toad.
You feel very sick. 😨 HP[-3]
You take 3 damage, and now have 39/116 hp.
You closely miss the cane toad. You kick the cane toad.
The cane toad stings you!
* * * LOW HITPOINT WARNING * * *
😱 HP[-15]
You take 15 damage, and now have 24/116 hp.
Unknown command.
You feel better. The cane toad stings you!
* * * LOW HITPOINT WARNING * * *
😱 HP[-8]
You take 8 damage, and now have 16/116 hp.
Unknown command.
Unknown command.
You feel better.
The bullfrog seems less confused.
The cane toad barely misses you. 😱 HP[+8]
You regained 8 hp, and now have 24/116 hp.
Unknown command.
Unknown command.
You stomp with the beat, sending a shockwave through the revellers around you!
You kill the bullfrog!
You can no longer stomp with the beat.
The cane toad stings you!
* * * LOW HITPOINT WARNING * * *
The cane toad stings you!!
You die...

Skill      XL: |  1  2  3  4  5  6  7  8  9 10 11 12 13 |
---------------+----------------------------------------+-----
Stealth        | 7 9 10 11 12 13 14 | 14.7
Invocations    | 2 4 6 8 10 12 13 14 | 14.5
Short Blades   | 2 3 4 6 7 8 10 | 10.0
Dodging        | 3 5 7 8 10 11 12 | 12.3
Fighting       | 3 4 5 6 7 |  7.6

Action                   |  1- 3 |  4- 6 |  7- 9 | 10-12 | 13-15 || total
-------------------------+-------+-------+-------+-------+-------++-------
Melee: Short sword       |    53 |    30 |    22 |       |       ||   105
       Dagger            |       |    15 |   644 |   749 |   125 ||  1533
       Punch             |       |     1 |     6 |       |       ||     7
       Kick              |       |       |       |       |    40 ||    40
 Fire: Hand crossbow     |       |       |     9 |     4 |       ||    13
Throw: Stone             |       |     5 |    53 |    56 |    14 ||   128
       Dart              |       |       |       |    19 |       ||    19
Invok: Line Pass         |       |     1 |     9 |    45 |    10 ||    65
       Stomp             |       |       |     7 |    30 |     2 ||    39
       Grand Finale      |       |       |       |     2 |       ||     2
 Abil: Heal Wounds       |     4 |     3 |    20 |     7 |     4 ||    38
Evoke: Wand              |       |       |     1 |       |       ||     1
       Phantom mirror    |       |       |       |     1 |       ||     1
  Use: Scroll            |     2 |     1 |     4 |    15 |     3 ||    25
       Potion            |     1 |       |       |    12 |     3 ||    16
 Stab: Sleeping          |     2 |     2 |    35 |    18 |     4 ||    61
       Distracted        |     1 |       |     4 |     1 |       ||     6
       Paralysed         |       |       |     8 |    23 |     5 ||    36
       Confused          |       |       |     5 |    34 |     7 ||    46
Armor: Leather armour    |    14 |    11 |   123 |    65 |     7 ||   220
       Skin              |       |       |       |    17 |       ||    17
Dodge: Dodged            |    31 |    34 |   403 |   640 |    73 ||  1181
Block: Buckler           |       |       |    48 |   117 |    14 ||   179

Levels and vault maps discovered:
D:1:      dpeg_arrival_arbitrary_b, layout_basic,
          shapermc_ecumenical_altar_notcrosses
D:2:      cheibrodos_old_hovel, layout_loops_ring, uniq_robin
D:3:      layout_loops_ring, chequers_temple_overflow_minitemple,
          gup_sewer_entry_bowl, uniq_crazy_yiuf_cottage, uniq_terence
D:4:      layout_basic, uniq_edmund, uniq_ijyb, uniq_sigmund
D:5:      layout_basic, temple_pool_b, serial_shops,
          nicolae_shop_window_shopping, nicolae_shop_sticking_my_neck_out
D:6:      lemuel_ice_spiral_2, layout_basic, hangedman_decor_slide_cut,
          serial_park_tiny_1
D:7:      layout_rooms, chequers_jeans, minmay_small_thing
D:8:      layout_rooms, uniq_maurice
D:9:      minmay_chambers_of_sixes, layout_basic, due_lair_maze_entry_diamond,
          gammafunk_ghost_wrathful_warriors
Temple:   hc_temple_tempest_star
Lair:1:   layout_hall_layers, minivault_11, minmay_hedge_maze
Lair:2:   layout_small_grid, minmay_swamp_entry_worms, st_stairs_7,
          nicolae_lair_grazing_beasts [nicolae_sub_lair_graze_edge,
          nicolae_sub_lair_graze_edge, nicolae_sub_lair_graze_edge,
          nicolae_sub_lair_graze_edge], grunt_megastairs_3,
          serial_bayou_shore_a, uniq_erica
Lair:3:   gammafunk_worm_tunnel, layout_small_grid, grunt_megastairs_4
Lair:4:   statuecave_lemuel, layout_regular_city,
          nicolae_spider_entry_orb_guardian, serial_bayou_pond_d,
          infiniplex_staircase_pool
Lair:5:   layout_cave_pods, slime_dummy, cheibrodos_lair_caveside_slide
Lair:6:   minmay_lair_end_frog_pond, layout_cave_pods, enter_volcano_3
Slime:1:  layout_caves, cheibrodos_slime_lost_civilization_6

Notes
Turn   | Place    | Note
-------+----------+-------------------------------------------
     0 | D:5      | spaghetti the Deep Dwarf Delver began the quest for the
                  | Orb.
     0 | D:5      | Reached XP level 1. HP: 20/20 MP: 1/1
     0 | D:5      | magus.rc [v1.9.6]
    21 | D:5      | Found Sygatt's Neck Hole.
    31 | D:5      | Noticed a water moccasin
    49 | D:5      | Noticed an orc wizard
   202 | D:6      | Noticed an iguana
   311 | D:6      | HP: 1/20 [iguana (11)]
   321 | D:6      | Killed an iguana
   322 | D:6      | Reached skill level 7 in Stealth
   322 | D:6      | Reached XP level 2. HP: 21/27 MP: 2/2
   322 | D:6      | Reached XP level 3. HP: 26/33 MP: 3/3
   430 | D:5      | Noticed an ice beast
   465 | D:5      | Noticed a black bear
   477 | D:5      | Killed a black bear
   478 | D:5      | Reached skill level 9 in Stealth
   478 | D:5      | Reached XP level 4. HP: 16/40 MP: 4/4
   478 | D:5      | Reached XP level 5. HP: 18/46 MP: 5/5
   534 | D:5      | Killed an ice beast
   538 | D:5      | Found Mavajanu's Distillery.
   623 | D:5      | Reached skill level 10 in Stealth
   623 | D:5      | Reached XP level 6. HP: 55/55 MP: 5/5
   653 | D:5      | Killed a water moccasin
   656 | D:5      | Found a staircase to the Ecumenical Temple.
   666 | Temple   | Entered the Ecumenical Temple
   735 | Temple   | Became a worshipper of Uskayaw the Reveller
   763 | D:5      | You pick up a book of Beasts and begin reading...
   763 | D:5      | You add the spells Summon Ice Beast, Summon Mana Viper and
                  | Monstrous Menagerie to your library.
   920 | D:4      | Reached * piety under Uskayaw
   923 | D:4      | Reached ** piety under Uskayaw
   924 | D:4      | Reached skill level 2 in Invocations
  1024 | D:4      | Reached skill level 2 in Short Blades
  1024 | D:4      | Reached skill level 11 in Stealth
  1024 | D:4      | Reached XP level 7. HP: 50/61 MP: 2/7
  1033 | D:4      | Noticed Edmund
  1049 | D:4      | HP: 10/61 [Edmund/+2 flail of protection (10)]
  1054 | D:4      | HP: 15/61 [Edmund/+2 flail of protection (1)]
  1059 | D:4      | HP: 14/61 [Edmund/+2 flail of protection (2)]
  1131 | D:4      | Noticed Sigmund
  1135 | D:4      | HP: 11/61 [asphyx]
  1137 | D:4      | HP: 5/61 [Sigmund/magic dart (6)]
  1169 | D:4      | HP: 13/61 [acid (8)]
  1172 | D:4      | HP: 3/61 [acid (9)]
  1184 | D:4      | HP: 15/61 [acid (7)]
  1187 | D:4      | HP: 3/61 [acid (6)]
  1233 | D:3      | HP: 14/61 [acid (6)]
  1252 | D:2      | HP: 11/61 [acid (5)]
  1257 | D:2      | HP: 15/61 [acid (6)]
  1261 | D:2      | HP: 3/61 [acid (8)]
  1268 | D:2      | HP: 9/61 [acid (7)]
  1275 | D:2      | HP: 15/61 [acid (2)]
  1294 | D:2      | HP: 15/61 [kobold/+0 dagger (1)]
  1302 | D:2      | Reached skill level 3 in Invocations
  1305 | D:2      | HP: 12/61 [ball python (1)]
  1310 | D:2      | HP: 10/61 [ball python (2)]
  1973 | D:1      | Found a faded altar of an unknown god.
  2236 | D:2      | Noticed Robin
  2251 | D:2      | Reached *** piety under Uskayaw
  2253 | D:2      | Killed Robin
  2256 | D:2      | Reached **** piety under Uskayaw
  3141 | D:3      | Noticed Terence
  3156 | D:3      | Killed Terence
  3316 | D:3      | You pick up a book of Flames and begin reading...
  3316 | D:3      | You add the spells Foxfire, Conjure Flame, Inner Flame and
                  | Flame Wave to your library.
  3375 | D:3      | Found an ornate altar of the Wu Jian Council.
  3375 | D:3      | Found a faded altar of an unknown god.
  3386 | D:3      | Found a burning altar of Makhleb.
  3400 | D:3      | Found a stormy altar of Qazlal.
  3402 | D:3      | Found a broken altar of Ashenzari.
  3520 | D:3      | Found a runed translucent door.
  3521 | D:3      | Noticed Crazy Yiuf
  3666 | D:4      | Killed Sigmund
  3667 | D:4      | Reached skill level 3 in Short Blades
  3667 | D:4      | Reached skill level 3 in Dodging
  3667 | D:4      | Reached skill level 4 in Invocations
  3722 | D:4      | Identified a scroll of acquirement
  3722 | D:4      | Acquired 834 gold pieces
  3732 | D:4      | Reached skill level 3 in Fighting
  3744 | D:4      | Killed Edmund
  3745 | D:4      | Reached XP level 8. HP: 63/69 MP: 6/6
  4042 | D:4      | Noticed Ijyb
  4044 | D:4      | Killed Ijyb
  4045 | D:4      | Reached skill level 5 in Invocations
  4328 | D:4      | Reached skill level 4 in Dodging
  4693 | D:5      | Reached skill level 4 in Short Blades
  4986 | D:5      | Bought an amulet of faith for 440 gold pieces
  5074 | D:6      | You pick up a book of Pain and begin reading...
  5074 | D:6      | You add the spells Pain, Agony and Excruciating Wounds to
                  | your library.
  5457 | D:6      | Reached skill level 6 in Invocations
  5651 | D:6      | Reached skill level 5 in Dodging
  5885 | D:7      | Gained mutation: You passively map the area around you.
                  | [Deep Dwarf growth]
  5885 | D:7      | Reached XP level 9. HP: 62/78 MP: 3/9
  6134 | D:7      | Reached skill level 7 in Invocations
  6135 | D:7      | Reached skill level 5 in Short Blades
  6285 | D:7      | Reached skill level 4 in Fighting
  6446 | D:7      | Noticed a manticore
  6448 | D:7      | Noticed a boulder beetle
  6449 | D:7      | Killed a manticore
  6450 | D:7      | Reached skill level 6 in Dodging
  6450 | D:7      | Reached skill level 12 in Stealth
  6452 | D:7      | Killed a boulder beetle
  6453 | D:7      | Reached skill level 8 in Invocations
  6652 | D:8      | Reached skill level 6 in Short Blades
  6771 | D:9      | Found a staircase to the Lair.
  6788 | D:9      | Reached skill level 7 in Dodging
  6788 | D:9      | Reached XP level 10. HP: 81/87 MP: 6/11
  6853 | D:9      | Reached skill level 9 in Invocations
  6862 | D:9      | Reached ***** piety under Uskayaw
  6977 | D:9      | Reached skill level 5 in Fighting
  7058 | D:9      | Found a transporter.
  7063 | D:9      | Noticed a moth of wrath
  7064 | D:9      | Noticed a tengu warrior
  7071 | D:9      | Noticed sirJeffrey23's ghost (novice DsMo)
  7078 | D:9      | Found a bloodstained altar of Trog.
  7085 | D:9      | Found a transporter.
  7205 | D:9      | Paralysed by a hornet for 2 turns
  7221 | D:9      | Paralysed by a hornet for 1 turns
  7559 | D:9      | Noticed a two-headed ogre
  7847 | D:9      | Reached skill level 8 in Dodging
  7850 | D:9      | Noticed a tengu warrior
  7857 | D:9      | Reached skill level 7 in Short Blades
  7930 | D:9      | HP: 21/88 [troll (8)]
  7936 | D:9      | Killed a tengu warrior
  7937 | D:9      | Reached skill level 10 in Invocations
  8098 | Lair:1   | Entered Level 1 of the Lair of Beasts
  8098 | Lair:1   | Noticed a cane toad
  8117 | Lair:1   | Killed a cane toad
  8157 | Lair:1   | Noticed a cane toad
  8164 | Lair:1   | Killed a cane toad
  8165 | Lair:1   | Reached XP level 11. HP: 96/96 MP: 13/13
  8267 | Lair:1   | Reached skill level 13 in Stealth
  8474 | Lair:1   | Reached skill level 9 in Dodging
  8759 | Lair:1   | Gained mutation: You have hidden genetic potential. [potion
                  | of mutation]
  9045 | Lair:2   | Noticed a seven-headed hydra
  9049 | Lair:2   | Reached skill level 11 in Invocations
  9080 | Lair:2   | Noticed a boulder beetle
  9135 | Lair:2   | Reached skill level 8 in Short Blades
  9144 | Lair:2   | Killed a boulder beetle
  9281 | Lair:2   | Killed a seven-headed hydra
  9282 | Lair:2   | Reached skill level 6 in Fighting
  9415 | Lair:2   | Noticed Erica
  9422 | Lair:2   | Killed Erica
  9847 | Lair:2   | Reached skill level 10 in Dodging
  9996 | Lair:3   | Reached skill level 12 in Invocations
 10001 | Lair:3   | Noticed a death yak
 10023 | Lair:3   | Killed a death yak
 10057 | Lair:3   | Reached XP level 12. HP: 84/106 MP: 3/16
 10059 | Lair:3   | Reached ****** piety under Uskayaw
 10164 | Lair:3   | Reached skill level 9 in Short Blades
 10359 | Lair:3   | Noticed a catoblepas
 10385 | Lair:3   | Killed a catoblepas
 10387 | Lair:3   | HP: 24/106 [cane toad (3)]
 10398 | Lair:3   | Gained mutation: Your spells are a little harder to cast,
                  | but a little more powerful. [hidden potential]
 10566 | Lair:3   | HP: 24/106 [black mamba (10)]
 10577 | Lair:3   | HP: 21/106 [black mamba (6)]
 10758 | Lair:3   | Found a transporter.
 10911 | Lair:3   | HP: 11/106 [torpor snail (18)]
 10912 | Lair:3   | HP: 5/106 [torpor snail (7)]
 11207 | Lair:3   | HP: 23/106 [komodo dragon (16)]
 11362 | Lair:3   | Found a transporter.
 11455 | Lair:4   | Reached skill level 13 in Invocations
 11526 | Lair:4   | Reached skill level 11 in Dodging
 11526 | Lair:4   | Reached skill level 14 in Stealth
 11685 | Lair:4   | Found a hole to the Spider Nest.
 11831 | Lair:4   | Noticed a seven-headed hydra
 11846 | Lair:4   | Killed a seven-headed hydra
 11847 | Lair:4   | Reached skill level 7 in Fighting
 12177 | Lair:5   | Found a staircase to the Slime Pits.
 12282 | Lair:5   | You pick up a book of Decay and begin reading...
 12282 | Lair:5   | You add the spells Corpse Rot, Dispel Undead and Death
                  | Channel to your library.
 12479 | Lair:5   | Reached skill level 10 in Short Blades
 12603 | Lair:5   | HP: 26/109 [cane toad (13)]
 12680 | Lair:5   | HP: 27/109 [yak (10)]
 12687 | Lair:5   | HP: 21/109 [yak (6)]
 12693 | Lair:5   | HP: 18/109 [yak (6)]
 12707 | Lair:5   | HP: 25/109 [yak (3)]
 12941 | Lair:5   | HP: 23/109 [komodo dragon (25)]
 13491 | Lair:6   | Entered Level 6 of the Lair of Beasts
 13502 | Slime:1  | Entered Level 1 of the Pits of Slime
 13502 | Slime:1  | Noticed a great orb of eyes
 13534 | Lair:6   | Reached XP level 13. HP: 76/115 MP: 7/16
 13536 | Lair:6   | Reached skill level 14 in Invocations
 13560 | Lair:6   | Reached skill level 12 in Dodging
 13640 | Lair:6   | Gained mutation: You have large cloven feet. [hidden
                  | potential]
 13640 | Lair:6   | Lost mutation: You have hidden genetic potential. [hidden
                  | potential expressed]
 13727 | Lair:6   | You add the spells Summon Forest, Eringya's Noxious Bog and
                  | Summon Hydra to your library.
 13778 | Lair:6   | Found a dark tunnel.
 13825 | Lair:6   | HP: 26/115 [death yak[a torpor snail] (23)]
 13844 | Lair:6   | HP: 27/115 [death yak[a torpor snail] (11)]
 13851 | Lair:6   | HP: 21/115 [death yak[a torpor snail] (21)]
 13857 | Lair:6   | HP: 14/115 [death yak[a torpor snail] (15)]
 14005 | Lair:6   | HP: 24/116 [cane toad (15)]
 14008 | Lair:6   | Slain by a cane toad

Vanquished Creatures
  A catoblepas (Lair:3)
  2 hydras
  2 boulder beetles
  Erica (Lair:2)
  A tengu warrior (D:9)
  3 death yaks
  An orb spider (Lair:4)
  A manticore (D:7)
  6 elephants (Lair:5)
  2 torpor snails (Lair:3)
  2 black mambas
  17 cane toads
  A rime drake (Lair:2)
  5 komodo dragons
  A troll (D:9)
  2 polar bears
  A hornet (D:9)
  3 tyrant leeches (Lair:6)
  14 blink frogs
  Sigmund (D:4)
  A wraith (D:7)
  18 yaks
  2 wyverns
  A basilisk (shapeshifter) (D:9)
  3 basilisks
  3 vampire mosquitoes (Lair:6)
  2 hell hounds (Lair:6)
  Edmund (D:4)
  16 water moccasins
  4 black bears
  2 orc warriors (D:9)
  An ice beast (D:5)
  2 sky beasts (D:6)
  An ogre (D:7)
  12 wolves
  3 centaurs
  3 kobold brigands
  A phantom (D:7)
  14 bullfrogs
  2 necrophages
  3 scorpions
  2 wights (D:4)
  2 jellies
  An orc priest (D:4)
  A gnoll shaman (D:7)
  An iguana (D:6)
  Terence (D:3)
  10 orc wizards
  Ijyb (D:4)
  Robin (D:2)
  6 gnolls
  5 adders
  A white imp (D:6)
  An ufetubus (D:6)
  4 worms
  4 dart slugs
  22 orcs
  6 ball pythons
  3 bats
  5 endoplasms
  5 giant cockroaches
  17 goblins
  10 hobgoblins
  5 jackals
  18 kobolds
  5 quokkas
  2 frilled lizards
  7 rats
308 creatures vanquished.

Vanquished Creatures (collateral kills)
  A wyvern (D:9)
  An orc warrior (D:9)
  3 black bears (D:9)
  A centaur (D:9)
  A bullfrog (D:9)
  3 kobolds (D:9)
10 creatures vanquished.

Vanquished Creatures (others)
  A kobold (D:9)
  2 bushes (Lair:1)
  35 fungi
  141 plants
179 creatures vanquished.

Grand Total: 497 creatures vanquished

Table legend:
 A = Non-vault XP
 B = Vault XP
 C = Vault XP percentage of total XP
 D = Non-vault monster count
 E = Vault monster count
 F = Vault count percentage of total count
                 A         B        C        D         E       F
            +---------+---------+-------+---------+---------+-------
      Total |   31163 |   13678 |  30.5 |     249 |      69 |  21.7
            +---------+---------+-------+---------+---------+-------
        D:1 |      60 |       0 |   0.0 |      27 |       0 |   0.0
        D:2 |      94 |      43 |  31.4 |      20 |      14 |  41.2
        D:3 |      68 |      43 |  38.7 |      15 |       3 |  16.7
        D:4 |     600 |     413 |  40.8 |      24 |       3 |  11.1
        D:5 |     663 |       0 |   0.0 |      11 |       0 |   0.0
        D:6 |     675 |       0 |   0.0 |      18 |       0 |   0.0
        D:7 |    1067 |    1377 |  56.3 |      22 |       2 |   8.3
        D:8 |     118 |       0 |   0.0 |       1 |       0 |   0.0
        D:9 |    1986 |    2969 |  59.9 |      25 |      16 |  39.0
     Lair:1 |    3343 |       0 |   0.0 |      17 |       0 |   0.0
     Lair:2 |    3866 |    2093 |  35.1 |      13 |       4 |  23.5
     Lair:3 |    7922 |     664 |   7.7 |      27 |       5 |  15.6
     Lair:4 |    3307 |     737 |  18.2 |      10 |       1 |   9.1
     Lair:5 |    5109 |       0 |   0.0 |      14 |       0 |   0.0
     Lair:6 |    2285 |    5339 |  70.0 |       5 |      21 |  80.8
            +---------+---------+-------+---------+---------+-------

Illustrated notes

Table legend:
 A = Kills in this place as a percentage of kills in entire the game.
 B = Kills by you in this place as a percentage of kills by you in the entire game.
 C = Kills by friends in this place as a percentage of kills by friends in the entire game.
 D = Other kills in this place as a percentage of other kills in the entire game.
 E = Experience gained in this place as a percentage of experience gained in the entire game.
 F = Experience gained in this place divided by the number of levels of this place that you have seen.
                   A       B       C       D       E      F
               +-------+-------+-------+-------+-------+----------------------
         Total | 100.0 | 100.0 | 100.0 | 100.0 | 100.0 | 2637.7
       Dungeon |  63.2 |  62.2 | 100.0 |  50.0 |  22.7 | 1130.7
          Lair |  36.8 |  37.8 |   0.0 |  50.0 |  77.3 | 5777.5
               +-------+-------+-------+-------+-------+----------------------

Table legend: (Time is in decaauts)
 A = Elapsed time spent in this place.
 B = Non-inter-level travel time spent in this place.
 C = Inter-level travel time spent in this place.
 D = Time resting spent in this place.
 E = Time spent auto-exploring this place.
 F = Levels seen in this place.
 G = Mean time per level.
                   A        B        C        D        E       F      G
               +--------+--------+--------+--------+--------+-----+--------+
         Total |  13600 |  13141 |    459 |    394 |   9436 |  17 |  800.0 |
       Dungeon |   7891 |   7628 |    263 |    356 |   5114 |   9 |  876.8 |
        Temple |     79 |     59 |     20 |      0 |     40 |   1 |   79.0 |
          Lair |   5627 |   5452 |    175 |     38 |   4282 |   6 |  937.8 |
    Slime Pits |      1 |      1 |      0 |      0 |      0 |   1 |    1.0 |
               +--------+--------+--------+--------+--------+-----+--------+

Top non-repeatable levels by time:
  Lair:3: 1367 daAuts
  Lair:5: 1286 daAuts
     D:9: 1282 daAuts
     D:4: 1253 daAuts
     D:6: 1003 daAuts
     D:5: 997 daAuts
  Lair:2: 932 daAuts
     D:3: 889 daAuts
  Lair:1: 834 daAuts
     D:2: 800 daAuts
     D:7: 790 daAuts
  Lair:4: 760 daAuts
     D:1: 735 daAuts
  Lair:6: 445 daAuts
     D:8: 139 daAuts
